 Dungeon Crawl Stone Soup version 0.30.1-4-g462c640d31 (webtiles) character file.

Game seed: 17765163052812801895

2337 Almogavar the Carver (level 9, -1/118 HPs)
             Began as a Minotaur Berserker on Aug 27, 2023.
             Was an Elder of Trog.
             Slain by a gnoll
             ... wielding a +0 club
             ... led by a gnoll bouda
              (6 damage)
             ... on level 6 of the Dungeon.
             The game lasted 00:13:15 (6498 turns).

Almogavar the Carver (Minotaur Berserker)           Turns: 6498, Time: 00:13:17

Health: -1/118     AC:  6    Str: 25    XL:     9   Next: 19%
Magic:  8/8        EV: 13    Int:  4    God:    Trog [****..]
Gold:   228        SH: 10    Dex: 11    Spells: 8/8 levels left

rFire   . . .        a - +0 falchion
rCold   . . .        f - +0 buckler
rNeg    . . .        m - +0 leather armour
rPois   .            (helmet restricted)
rElec   .            y - +0 cloak
rCorr   .            o - +0 pair of gloves
SInv    .            (no boots)
Will    ++...        D - amulet of reflection Stlth
                     (no ring)
HPRegen 1.39/turn    (no ring)
MPRegen 0.11/turn

%: reflection
@: berserking, strong-willed, regenerating, very quick
A: horns 2, retaliatory headbutt
a: Renounce Religion, Berserk, Trog's Hand, Brothers in Arms


You were on level 6 of the Dungeon.
You worshipped Trog.
Trog was greatly pleased with you.
You visited 1 branch of the dungeon, and saw 6 of its levels.
You also visited: Sewer.

You collected 228 gold pieces.

Inventory:

Hand Weapons
 a - a +0 falchion (weapon)
 E - a +4 dire flail of holy wrath
 G - a +0 sling
Missiles
 F - 2 throwing nets (quivered)
Armour
 f - a +0 buckler (worn)
 m - a +0 leather armour (worn)
 o - a +0 pair of gloves (worn)
 y - a +0 cloak (worn)
 B - a +0 scale mail
 I - the +0 ring mail of the Game of Kings {Harm Str-5 Dex+3}
   (You found it on level 5 of the Dungeon)

   Str:       It affects your strength (-5).
   Dex:       It affects your dexterity (+3).
   Harm:      It increases damage dealt and taken.
Jewellery
 D - an amulet of reflection (around neck)
 H - an amulet of the acrobat
Wands
 b - a wand of flame (12)
 C - a wand of paralysis (10)
Scrolls
 d - a scroll of amnesia
 e - 3 scrolls of teleportation
 g - 3 scrolls of blinking
 h - a scroll of enchant armour
 l - 2 scrolls of enchant weapon
 w - 2 scrolls of fear
Potions
 i - a potion of haste
 j - 4 potions of might
 k - 7 potions of curing
 n - 2 potions of mutation {unknown}
 p - 2 potions of degeneration {unknown}
 q - a potion of magic {unknown}
 r - 2 potions of heal wounds {unknown}
 s - 2 potions of invisibility
 t - a potion of lignification {unknown}
 v - 3 potions of attraction {unknown}
 x - 6 potions of flight {unknown}
 z - a potion of cancellation {unknown}
 A - a potion of brilliance {unknown}


   Skills:
 + Level 7.4 Fighting
 + Level 10.3 Long Blades
 + Level 5.1 Armour
 + Level 5.6 Dodging
 - Level 0.1 Stealth
 + Level 4.7 Shields
 + Level 0.8 Evocations


You had 8 spell levels left.
You didn't know any spells.
Your spell library was empty.

Dungeon Overview and Level Annotations

Branches:
Dungeon (6/15)             Temple (0/1) D:5           Sewer (visited)

Altars:
Qazlal
Vehumet
Zin


Innate Abilities, Weirdness & Mutations

You have a pair of horns on your head.
You reflexively headbutt those who attack you in melee.


Message History

You are too injured to fight recklessly!
You closely miss the gnoll. Your headbutt misses the gnoll.
The gnoll is severely wounded.
The gnoll bouda hits you with a +0 club.
The white imp closely misses you. The gnoll hits you with a +0 club.
You block the gnoll's attack.
You hit the gnoll.
You kill the gnoll!
Trog accepts your kill. You block the gnoll bouda's attack.
The white imp gestures at you. The puff of frost hits you.
The gnoll hits you but does no damage.
You hit the gnoll bouda but do no damage.
Your headbutt misses the gnoll bouda.
Your attacks no longer feel as feeble.
The gnoll bouda misses you. The white imp hits you. The white imp freezes you.
* * * LOW HITPOINT WARNING * * *
You block the gnoll's attack.
You barely miss the gnoll bouda.
Okay, then.
The gnoll bouda hits you but does no damage.
The white imp gestures at you. The puff of frost hits you!
* * * LOW HITPOINT WARNING * * *
The gnoll hits you with a +0 club.
* * * LOW HITPOINT WARNING * * *
Things that are here:
a +0 spear; a gnoll corpse Your skin crawls.
You feel strong-willed. The gnoll bouda barely misses you.
You block the white imp's attack. You block the gnoll's attack.
A red film seems to cover your vision as you go berserk!
You feel yourself moving faster!
You feel mighty! The gnoll bouda closely misses you.
The white imp gestures at you. The puff of frost hits you!
* * * LOW HITPOINT WARNING * * *
The gnoll hits you with a +0 club.
You die...

....#.#.......###.#.
...#.#.#..##.#...#.
.####.#.###..##.#.#...
..(..........##.#.#.#.
.######.#......#
#.#.##
.........###.#.# #.#.#
...####..#.#....#
#.#.#
......)gg.>######
#.#.# ##.....@5#.#
#.#.# #####...#.#
#.#.## #...# . ..#...
#...# ## #### ....#
.... ##.#.# #### .. ..
# #. .# # #


You could see a gnoll bouda, a gnoll (swift) and a white imp.

Vanquished Creatures
  Grinder (D:3)
  Sigmund (D:2)
  Edmund (D:5)
  2 ice beasts
  A black bear (D:5)
  4 ogres
  A phantom (D:5)
  5 scorpions
  A howler monkey (D:5)
  An orc priest (D:5)
  Crazy Yiuf (D:3)
  2 jellies (D:5)
  2 gnoll boudas (D:5)
  3 hounds
  2 sleepcaps (D:5)
  8 iguanas
  Natasha (thrice) (D:3)
  6 gnolls
  A river rat (D:3)
  10 adders
  A shadow imp (D:5)
  A white imp (D:5)
  An ufetubus (D:4)
  4 worms
  3 dart slugs
  2 orcs
  15 ball pythons
  3 bats
  6 endoplasms
  8 giant cockroaches
  5 goblins
  9 hobgoblins
  4 jackals (D:5)
  9 kobolds
  A quokka (D:4)
  5 frilled lizards
  7 rats
140 creatures vanquished.

Notes
Turn   | Place    | Note
-------+----------+-------------------------------------------
     0 | D:1      | Almogavar the Minotaur Berserker began the quest for the
                  | Orb.
     0 | D:1      | Reached XP level 1. HP: 19/19 MP: 0/0
   198 | D:1      | Reached XP level 2. HP: 22/27 MP: 1/1
   207 | D:1      | Reached skill level 4 in Long Blades
   421 | D:1      | You fall into a shaft and drop 1 floor!
   469 | D:2      | Found a faded altar of an unknown god.
  1000 | D:2      | Noticed Sigmund
  1014 | D:2      | Killed Sigmund
  1015 | D:2      | Reached skill level 5 in Fighting
  1015 | D:2      | Reached skill level 5 in Long Blades
  1015 | D:2      | Reached XP level 3. HP: 4/36 MP: 2/2
  1015 | D:2      | Reached XP level 4. HP: 5/42 MP: 3/3
  1015 | D:2      | Reached XP level 5. HP: 6/48 MP: 4/4
  1271 | D:2      | Found a stormy altar of Qazlal.
  1406 | D:2      | Reached ** piety under Trog
  2301 | D:3      | Reached skill level 6 in Long Blades
  2301 | D:3      | Reached XP level 6. HP: 36/56 MP: 5/5
  2455 | D:3      | Found a glowing drain.
  2482 | Sewer    | Entered a sewer
  2530 | Sewer    | Reached skill level 1 in Shields
  2579 | Sewer    | Reached *** piety under Trog
  2915 | D:3      | Noticed Natasha
  2926 | D:3      | Killed Natasha
  3301 | D:3      | Noticed Grinder
  3315 | D:3      | Killed Grinder
  3316 | D:3      | Reached skill level 7 in Long Blades
  3316 | D:3      | Reached XP level 7. HP: 62/62 MP: 6/6
  3400 | D:3      | Found a runed translucent door.
  3401 | D:3      | Noticed Crazy Yiuf
  3491 | D:3      | Noticed Natasha
  3499 | D:3      | Killed Natasha
  3546 | D:3      | Noticed Natasha
  3551 | D:3      | Killed Natasha
  3668 | D:3      | Killed Crazy Yiuf
  3751 | D:4      | Found a radiant altar of Vehumet.
  4238 | D:4      | Reached skill level 8 in Long Blades
  4627 | D:5      | Entered Level 5 of the Dungeon
  4629 | D:5      | Found a staircase to the Ecumenical Temple.
  4639 | D:5      | Reached XP level 8. HP: 55/70 MP: 7/7
  4805 | D:5      | Noticed Edmund
  4812 | D:5      | Killed Edmund
  4891 | D:5      | Reached skill level 9 in Long Blades
  5076 | D:5      | Reached skill level 5 in Dodging
  5093 | D:5      | Found a glowing silver altar of Zin.
  5187 | D:5      | Reached skill level 5 in Armour
  5332 | D:5      | Reached **** piety under Trog
  5816 | D:5      | Reached skill level 10 in Long Blades
  5816 | D:5      | Reached XP level 9. HP: 60/79 MP: 8/8
  5960 | D:5      | Identified the +0 ring mail of the Game of Kings {Harm
                  | Str-5 Dex+3}
  6498 | D:6      | HP: 5/118 [white imp/puff of frost (10)]
  6498 | D:6      | Slain by a gnoll

Illustrated notes

Levels and vault maps discovered:
D:1:      amcnicky_arrival_double_pillar, layout_basic
D:2:      minmay_razor_zed, layout_loops_ring,
          shapermc_ecumenical_altar_notcrosses, basic_altar,
          dreamdust_princess_bridge, minmay_hexomino_c4, uniq_sigmund
D:3:      layout_loops_ring, portal_sewer_entry_b, uniq_crazy_yiuf_cottage,
          uniq_grinder, uniq_natasha
D:4:      layout_loops_ring, vehumet_altar_wand_db
D:5:      minmay_chambers_of_threes, layout_basic,
          mainiacjoe_overflow_cross_hatched, minmay_temple_entry_proselytizer,
          uniq_edmund
D:6:      layout_basic, lightli_ossuary_entry_decrepit_ruins

Skill      XL: |  1  2  3  4  5  6  7  8 |
---------------+-------------------------+-----
Fighting       | 5 6 7 |  7.4
Long Blades    | 5 6 7 8 10 | 10.3
Dodging        | 3 4 5 |  5.6
Armour         | 3 4 5 |  5.1
Shields        | 1 2 4 |  4.7
Stealth        | |  0.1
Evocations     | |  0.8

Action                     |  1- 3 |  4- 6 |  7- 9 || total
---------------------------+-------+-------+-------++-------
  Melee: Falchion          |    58 |   163 |   253 ||   474
         Headbutt          |     5 |    20 |    64 ||    89
 Invoke: Berserk           |     1 |     1 |     3 ||     5
         Trog's Hand       |       |     1 |     1 ||     2
  Evoke: Wand              |       |       |     6 ||     6
    Use: Scroll            |     1 |     8 |     7 ||    16
 Armour: Animal skin       |     7 |     2 |       ||     9
         Leather armour    |       |    25 |    51 ||    76
  Dodge: Dodged            |    30 |    84 |   103 ||   217
  Block: Buckler           |     8 |    16 |    88 ||   112
